 Dungeon Crawl Stone Soup version 0.28.0-62-gf88900778d (webtiles) character file.

Game seed: 8937824195240901510

264 cbfl8 the Chopper (level 5, -5/47 HPs)
             Began as a Minotaur Fighter on Sept 8, 2023.
             Slain by Pikel
             ... wielding a +2 whip of electrocution
              (14 damage)
             ... on level 3 of the Dungeon.
             The game lasted 00:04:00 (2683 turns).

cbfl8 the Chopper (Minotaur Fighter)                Turns: 2683, Time: 00:04:00

Health: -5/47      AC:  7    Str: 20    XL:     5   Next: 98%
Magic:  4/4        EV:  9    Int:  5    God:
Gold:   81         SH:  5    Dex: 12    Spells: 4/4 levels left

rFire   . . .      SeeInvis .   a - +0 war axe
rCold   . . .      Faith    .   c - +0 buckler
rNeg    . . .      Spirit   .   b - +0 scale mail
rPois   .          Reflect  .   (helmet restricted)
rElec   .          Harm     .   (no cloak)
rCorr   +          Rampage  .   (no gloves)
Will    .....                   (no boots)
Stlth   ..........              (no amulet)
HPRegen 0.15/turn               h - ring of resist corrosion
MPRegen 0.09/turn               (no ring)

@: no status effects
A: horns 2, retaliatory headbutt
a: no special abilities


You were on level 3 of the Dungeon.
You visited 1 branch of the dungeon, and saw 4 of its levels.

You collected 81 gold pieces.

Inventory:

Hand Weapons
 a - a +0 war axe (weapon)
Armour
 b - a +0 scale mail (worn)
 c - a +0 buckler (worn)
Jewellery
 g - an amulet of guardian spirit
 h - a ring of resist corrosion (left hand)
Wands
 j - a wand of digging (14)
 k - a wand of iceblast (4) (quivered)
Scrolls
 e - a scroll of vulnerability {unknown}
 i - 3 scrolls of teleportation
Potions
 d - 2 potions of might
 f - 2 potions of degeneration {unknown}
 l - 2 potions of curing {unknown}
 m - a potion of attraction {unknown}
 n - a potion of lignification {unknown}


   Skills:
 + Level 4.5 Fighting
 + Level 5.1 Axes
 + Level 4.6 Armour
 + Level 4.1 Shields
 * Level 2.1 Evocations


You had 4 spell levels left.
You didn't know any spells.
Your spell library was empty.

Dungeon Overview and Level Annotations

Branches:
Dungeon (4/15)
 Temple: D:4-7

Altars:
Vehumet
Xom

Annotations:
D:3 1 runed translucent door, Pikel; cbfl8's ghost, amateur DsFi


Innate Abilities, Weirdness & Mutations

You have a pair of horns on your head.
You reflexively headbutt those who attack you in melee.


Message History

A lemure comes into view.
The lemure hits you. Pikel waves his whip at you.
Pikel says, "I knew I should've brought a map."
Pikel says, "You'll feel the lick of my whip!"
There is a stone staircase leading up here.
A lemure comes into view.
The lemure shouts!
Pikel hits you with a +2 whip of electrocution!
You climb upwards.
Level annotation: 1 runed translucent door, cbfl8's ghost, amateur DsFi
There is a stone staircase leading down here.
You completely miss Pikel. Your headbutt misses Pikel.
You block Pikel's attack. x2
Unknown command.
You hit Pikel but do no damage. Your headbutt misses Pikel.
You block Pikel's attack.
Unknown command.
You slash Pikel!
Pikel is moderately wounded.
Pikel hits you with a +2 whip of electrocution!
You are electrocuted!
Unknown command.
You are too injured to fight recklessly!
Unknown command.
You are too injured to fight recklessly!
Unknown command.
You closely miss Pikel. You headbutt Pikel, but do no damage.
Pikel is moderately wounded.
Pikel hits you with a +2 whip of electrocution!
* * * LOW HITPOINT WARNING * * *
Pikel hits you but does no damage.
Aiming: Iceblast
Press: ? - help, Q - select action Shift-Dir - straight line The mass of ice explodes!
The iceblast engulfs Pikel!
Pikel is heavily wounded.
Pikel hits you with a +2 whip of electrocution.
* * * LOW HITPOINT WARNING * * *
You are electrocuted!
You die...

#.##.............###.#<..# #.##.
....##.#####.##..# #.########.##.
..............#..# #...........#.
.....#.######.#..###############.
.....#.#.........................
.....#.#.##.#....##############..
.....#.#....#....# #......# #..
##.#.#.####.#.#..# #.####.# #..
...#.#......#.#.@####.# #.# #.#
####.########.#..K....# #.# #.#
#.# #.##.#########.# #.# #.#
#..............# #.# #.#
####.########### #.# #.# #.# #.#
#.# #.# #.# #.# #.# #<# #.# #.#
###


You could see Pikel.

Vanquished Creatures
  A lemure (D:3)
  4 crimson imps (D:4)
  5 adders
  A worm (D:3)
  2 dart slugs
  3 orcs (D:3)
  6 bats
  4 endoplasms
  2 giant cockroaches (D:2)
  2 goblins
  10 hobgoblins
  7 jackals
  3 quokkas
  8 ball pythons
  3 frilled lizards
  6 kobolds
  6 rats
73 creatures vanquished.

Notes
Turn   | Place    | Note
-------+----------+-------------------------------------------
     0 | D:1      | cbfl8 the Minotaur Fighter began the quest for the Orb.
     0 | D:1      | Reached XP level 1. HP: 19/19 MP: 0/0
   163 | D:1      | Reached XP level 2. HP: 27/27 MP: 1/1
   400 | D:1      | Found a faded altar of an unknown god.
   535 | D:1      | Reached XP level 3. HP: 31/33 MP: 2/2
   608 | D:2      | Reached skill level 3 in Axes
   616 | D:2      | Reached skill level 1 in Evocations
   923 | D:2      | Found a shimmering altar of Xom.
  1132 | D:3      | Reached XP level 4. HP: 40/40 MP: 3/3
  1362 | D:3      | Found a runed translucent door.
  1413 | D:3      | Reached skill level 4 in Axes
  1426 | D:3      | Noticed cbfl8's ghost (amateur DsFi)
  1606 | D:3      | Found a radiant altar of Vehumet.
  2178 | D:4      | Found a shimmering altar of Xom.
  2183 | D:4      | Reached XP level 5. HP: 46/46 MP: 4/4
  2250 | D:4      | Noticed Pikel
  2251 | D:4      | Noticed a lemure
  2364 | D:4      | Reached skill level 5 in Axes
  2392 | D:4      | Noticed a lemure
  2395 | D:4      | Noticed an ogre
  2418 | D:3      | Killed a lemure
  2643 | D:4      | Noticed a lemure
  2676 | D:4      | Noticed a lemure
  2683 | D:3      | Slain by Pikel

Illustrated notes

Levels and vault maps discovered:
D:1:      dpeg_arrival_windows_large_door, layout_rooms,
          ebering_ecumenical_altar_sacrificial, minmay_misc_feat_encased
D:2:      layout_basic, basic_altar, chequers_serial_rivers_micro_c
D:3:      layout_basic, vehumet_crystals, ebering_ghost_reflecting_pool
D:4:      layout_basic, led_xom_imps, zin_statuary, lightli_temple_of_fire,
          uniq_pikel

Skill      XL: |  1  2  3  4  5 |
---------------+----------------+-----
Armour         | 4 |  4.6
Shields        | 4 |  4.1
Fighting       | 4 |  4.5
Axes           | 3 4 5 |  5.1
Evocations     | 1 2 |  2.1

Action                   |  1- 3 |  4- 6 || total
-------------------------+-------+-------++-------
Melee: War axe           |    82 |    85 ||   167
       Headbutt          |    12 |    11 ||    23
Evoke: Wand              |       |     1 ||     1
  Use: Scroll            |       |     3 ||     3
Armor: Scale mail        |    55 |    36 ||    91
Dodge: Dodged            |    46 |    30 ||    76
Block: Buckler           |    24 |    23 ||    47
